 Dungeon Crawl Stone Soup version 0.31-a0-151-ge443d1f16c (webtiles) character file.

Game seed: 10382970474435300676

190 qw the Shooter (level 5, 0/32 HPs)
             Began as a Gargoyle Hunter on June 8, 2023.
             Slain by Pikel
             ... wielding a +0 whip of flaming
              (2 damage)
             ... on level 4 of the Dungeon.
             The game lasted 00:01:03 (2205 turns).

qw the Shooter (Gargoyle Hunter)                    Turns: 2205, Time: 00:01:04

Health: 0/32       AC: 11    Str: 15    XL:     5   Next: 69%
Magic:  5/5        EV: 11    Int:  9    God:
Gold:   204        SH:  0    Dex: 15    Spells: 4/4 levels left

rFire   . . .        c - +0 orcbow
rCold   . . .        (shield currently unavailable)
rNeg    + . .        i - +0 ring mail
rPois   inf          (no helmet)
rElec   +            d - +0 cloak {Stlth+}
rCorr   +            e - +0 pair of gloves
SInv    .            (no boots)
Will    .....        (no amulet)
Stlth   ++           b - ring of resist corrosion
HPRegen 0.25/turn    (no ring)
MPRegen 0.09/turn

%: no passive effects
@: about to teleport
A: sickness immunity, AC +4, negative energy resistance 1, electricity
resistance, torment resistance 1, petrification resistance
a: no special abilities


You were on level 4 of the Dungeon.
You visited 1 branch of the dungeon, and saw 4 of its levels.

You collected 204 gold pieces.


Innate Abilities, Weirdness & Mutations

You are immune to sickness and miasma.
Your stone body is resilient. (AC +4)
You are immune to poison.
You resist negative energy. (rN+)
You are resistant to electric shocks. (rElec)
You are resistant to unholy torment.
You are immune to petrification.


   Skills:
 + Level 3.6 Fighting
 - Level 6.0 Ranged Weapons
 - Level 1.0 Armour
 - Level 1.5 Dodging
 - Level 1.1 Stealth


You had 4 spell levels left.
You didn't know any spells.
Your spell library was empty.

Inventory:

Hand Weapons
 c - a +0 orcbow (weapon)
Armour
 d - a +0 cloak of stealth (worn)
 e - a +0 pair of gloves (worn)
 i - a +0 ring mail (worn)
Jewellery
 b - a ring of resist corrosion (left hand)
 g - a ring of ice
Scrolls
 a - a scroll of teleportation
 h - a scroll of identify
Potions
 f - a potion of curing
 k - a potion of brilliance {unknown}

Dungeon Overview and Level Annotations

Branches:
Dungeon (4/15)             Temple (0/1) D:4

Altars:
Xom

Annotations:
D:4 Pikel


Message History

You shoot an arrow.
The arrow hits Pikel but does no damage.
A lemure comes into view.
You shoot an arrow. The lemure shouts!
The arrow hits Pikel but does no damage.
Pikel hits you but does no damage.
You shoot an arrow. The arrow hits the lemure.
The lemure is lightly wounded.
Pikel hits you with a +0 whip of flaming.
Pikel burns you.
An ogre comes into view. It is wielding a +0 giant club.
The lemure hits you.
You shoot an arrow.
The arrow hits the lemure but does no damage.
The lemure is lightly wounded.
Pikel hits you with a +0 whip of flaming.
Pikel burns you. The lemure hits you but does no damage.
Pikel closely misses you.
A lemure comes into view.
The lemure closely misses you.
You shoot an arrow. The arrow hits the lemure!
The lemure is moderately wounded.
Pikel cracks his whip.
Pikel hits you with a +0 whip of flaming.
Pikel burns you. The lemure closely misses you.
You shoot an arrow. The arrow misses the lemure.
Pikel hits you but does no damage. The lemure barely misses you.
You shoot an arrow. The arrow barely misses the lemure.
Pikel barely misses you.
The lemure hits you but does no damage. x2
Pikel hits you but does no damage.
You shoot an arrow. The arrow hits the lemure.
The lemure is heavily wounded.
Pikel hits you with a +0 whip of flaming!
Pikel burns you. The lemure hits you.
2205 ||| READING 2 scrolls of teleportation.
As you read the scroll of teleportation, it crumbles to dust.
You feel strangely unstable.
Pikel hits you with a +0 whip of flaming.
You die...

## #......###
.?..####....#...# .
..........###.# ..
#.##.....# #.#
#.#....(...###.###
.....#...........#
.#.#.#.....###.#.#
?.#.#5#.).....##<.#.#
....55K@....####....#
.#.>O#5##.#.# #.##.#
#.. #. ..#.# #.##.#
.. #.#.# #.##.# .##
#.#.# #.##>. .. ...
#.#### #. #.# #.. ..
.#


You could see Pikel, an ogre and 4 lemures.

Vanquished Creatures
  A sleepcap (D:4)
  8 adders
  4 worms (D:3)
  A dart slug (D:2)
  5 bats
  6 endoplasms
  7 giant cockroaches
  10 goblins
  3 hobgoblins
  5 jackals
  4 kobolds
  2 quokkas
  8 ball pythons
  5 frilled lizards
  11 rats
80 creatures vanquished.

Notes
Turn   | Place    | Note
-------+----------+-------------------------------------------
     0 | D:1      | qw the Gargoyle Hunter began the quest for the Orb.
     0 | D:1      | Reached XP level 1. HP: 12/12 MP: 1/1
     0 | D:1      | 0 ||| qw: Version: 0.2-a-120-gdf1a93b
     0 | D:1      | 0 ||| qw: Game counter: 3026
     0 | D:1      | 0 ||| qw: Always use a shield: true
     0 | D:1      | 0 ||| qw: God list: Okawaru
     0 | D:1      | 0 ||| qw: Allow faded altars: false
     0 | D:1      | 0 ||| qw: Do Orc after D:15 true
     0 | D:1      | 0 ||| qw: Do second Lair branch before Depths: true
     0 | D:1      | 0 ||| qw: Lair rune preference: random
     0 | D:1      | 0 ||| qw: Plans: Normal
     0 | D:1      | 0 ||| PLANNING D:1-11
    34 | D:1      | Reached XP level 2. HP: 12/17 MP: 2/2
   372 | D:1      | Reached XP level 3. HP: 21/21 MP: 3/3
   482 | D:1      | Reached skill level 5 in Ranged Weapons
   666 | D:1      | Found a faded altar of an unknown god.
   834 | D:1      | 834 ||| READING 2 scrolls labelled ZOUWOMP KAEWIA.
   837 | D:1      | 837 ||| READING scroll labelled AFA CAUPIEG.
   837 | D:1      | Identified a scroll of acquirement
   837 | D:1      | 837 ||| ACQUIRING +0 cloak of stealth
   837 | D:1      | Acquired a +0 cloak of stealth
   839 | D:1      | 839 ||| UPGRADING to +0 cloak of stealth.
   844 | D:1      | 844 ||| READING scroll labelled JOTSEMIXZU.
   845 | D:1      | 845 ||| READING scroll labelled VEKLU VIHICACH.
   846 | D:1      | 846 ||| DRINKING 2 blue potions.
   847 | D:1      | 847 ||| DROPPING scroll of butterflies.
   951 | D:2      | Reached skill level 3 in Fighting
  1201 | D:2      | Reached XP level 4. HP: 28/28 MP: 4/4
  1359 | D:2      | 1359 ||| UPGRADING to +0 pair of gloves.
  1364 | D:2      | 1364 ||| UPGRADING to +0 ring mail.
  1374 | D:2      | 1374 ||| DROPPING +0 leather armour.
  1375 | D:2      | 1375 ||| UPGRADING to ring of resist corrosion.
  1376 | D:2      | 1376 ||| READING scroll labelled YPPEEPLIMIA.
  1377 | D:2      | 1377 ||| READING scroll labelled RUGGIA XEFAST.
  1416 | D:3      | 1416 ||| PLANNING SEWER
  1496 | D:3      | 1496 ||| SWAPPING to +0 orcbow.
  1499 | D:3      | 1499 ||| DROPPING +0 shortbow.
  1558 | D:3      | Reached skill level 1 in Armour
  1916 | D:3      | 1916 ||| FLEEEEING.
  1966 | D:3      | Reached XP level 5. HP: 31/32 MP: 5/5
  2009 | D:3      | 2009 ||| RIP SEWER
  2010 | D:3      | Reached skill level 6 in Ranged Weapons
  2010 | D:3      | 2010 ||| PLANNING D:1-11
  2090 | D:3      | Found a shimmering altar of Xom.
  2095 | D:3      | Found a shimmering altar of Xom.
  2095 | D:3      | Found a shimmering altar of Xom.
  2098 | D:3      | Found a shimmering altar of Xom.
  2103 | D:3      | Found a shimmering altar of Xom.
  2103 | D:3      | Found a shimmering altar of Xom.
  2109 | D:3      | Found a shimmering altar of Xom.
  2132 | D:3      | 2132 ||| READING 2 scrolls of identify.
  2132 | D:3      | 2132 ||| IDENTIFYING cyan potion
  2133 | D:3      | 2133 ||| DROPPING potion of attraction.
  2189 | D:4      | Found a staircase to the Ecumenical Temple.
  2190 | D:4      | 2190 ||| PLANNING TEMPLE
  2193 | D:4      | Noticed Pikel
  2193 | D:4      | Noticed a lemure
  2196 | D:4      | Noticed a lemure
  2197 | D:4      | Noticed a lemure
  2199 | D:4      | Noticed an ogre
  2200 | D:4      | Noticed a lemure
  2204 | D:4      | HP: 6/32 [Pikel/+0 whip of flaming (7)]
  2204 | D:4      | HP: 2/32 [lemure[Pikel] (2)]
  2205 | D:4      | 2205 ||| READING 2 scrolls of teleportation.
  2205 | D:4      | Slain by Pikel

Levels and vault maps discovered:
D:1:      lightli_iron_boxes, layout_basic, chequers_ecumenical_altar_simple,
          minmay_worlds_worst_comb
D:2:      layout_rooms
D:3:      layout_loops_ring, nicolae_xom_altar_mimics, lightli_sewer_entry_pipes
D:4:      minmay_evil_eye, layout_basic, minmay_temple_entry_ruins, minivault_5,
          chequers_serial_rivers_small_b, uniq_pikel

Skill      XL: |  1  2  3  4  5 |
---------------+----------------+-----
Ranged Weapons | 5 6 |  6.0
Fighting       | 3 |  3.6
Armour         | 1 |  1.0
Dodging        | |  1.5
Stealth        | |  1.1

Action                     |  1- 3 |  4- 6 || total
---------------------------+-------+-------++-------
   Fire: Shortbow          |   118 |    28 ||   146
         Orcbow            |       |   114 ||   114
    Use: Scroll            |     4 |     4 ||     8
         Potion            |     1 |       ||     1
 Armour: Leather armour    |    20 |       ||    20
         Ring mail         |       |    52 ||    52
  Dodge: Dodged            |    25 |    52 ||    77

Table legend:
 A = Non-vault XP
 B = Vault XP
 C = Vault XP percentage of total XP
 D = Non-vault monster count
 E = Vault monster count
 F = Vault count percentage of total count
                 A         B        C        D         E       F
            +---------+---------+-------+---------+---------+-------
      Total |     148 |     124 |  45.6 |      63 |      17 |  21.2
            +---------+---------+-------+---------+---------+-------
        D:1 |      38 |      10 |  20.8 |      24 |       5 |  17.2
        D:2 |      41 |       0 |   0.0 |      17 |       0 |   0.0
        D:3 |      29 |     114 |  79.7 |      19 |      12 |  38.7
        D:4 |      40 |       0 |   0.0 |       3 |       0 |   0.0
            +---------+---------+-------+---------+---------+-------
